| TOP OF THE 1ST |
|
Newark Black Sox batting - Pitching for Oneonta Indians : LHP Alonso Prantera
|
|
Pitching: LHP Alonso Prantera
|
|
|
Batting: RHB Rafael Belliard
|
0-0: Called Strike 0-1: Ball 1-1: Called Strike 1-2: Strikes out swinging, 2-3 out at first.
|
|
Batting: RHB Ellis Burks
|
0-0: Swinging Strike 0-1: Called Strike 0-2: Ball 1-2: Foul Ball, location: 2F 1-2: Strikes out swinging
|
|
Batting: RHB Moises Acosta
|
0-0: Ground out 4-3 (Groundball, 4, EV 103.8 MPH)
|
| Top of the 1st over - 0 runs, 0 hits, 0 errors, 0 left on base; Newark 0 - Oneonta 0 |
| BOTTOM OF THE 1ST |
|
Oneonta Indians batting - Pitching for Newark Black Sox : RHP Steve Kordish
|
|
Pitching: RHP Steve Kordish
|
|
|
Batting: RHB Keith Flenoir
|
0-0: Ball 1-0: Foul Ball, location: 2F 1-1: Called Strike 1-2: Ball 2-2: Strikes out looking
|
|
Batting: RHB William Luzinski
|
0-0: Called Strike 0-1: Ground out 6-3 (Groundball, 56D, EV 108.8 MPH)
|
|
Batting: LHB Lenny Nay
|
0-0: Ball 1-0: Called Strike 1-1: Foul Ball, location: 2F 1-2: Ball 2-2: Fly out, F8 (Flyball, 89D, EV 100.0 MPH)
|
| Bottom of the 1st over - 0 runs, 0 hits, 0 errors, 0 left on base; Newark 0 - Oneonta 0 |
| TOP OF THE 2ND |
|
Newark Black Sox batting - Pitching for Oneonta Indians : LHP Alonso Prantera
|
|
Batting: RHB Adrien Perkins
|
0-0: Ball 1-0: Ball 2-0: Foul Ball, location: 2F 2-1: Foul Ball, location: 2F 2-2: Ground out 4-3 (Groundball, 4M, EV 87.5 MPH)
|
|
Batting: RHB Ignacio Velasquez
|
0-0: Ball 1-0: Called Strike 1-1: Swinging Strike 1-2: Fly out, F9 (Flyball, 9LM, EV 98.8 MPH)
|
|
Batting: RHB Jerry Bendorf
|
0-0: Called Strike 0-1: Ground out 5-3 (Groundball, 56, EV 93.1 MPH)
|
| Top of the 2nd over - 0 runs, 0 hits, 0 errors, 0 left on base; Newark 0 - Oneonta 0 |
| BOTTOM OF THE 2ND |
|
Oneonta Indians batting - Pitching for Newark Black Sox : RHP Steve Kordish
|
|
Batting: LHB Frank Martinez
|
0-0: Ball 1-0: Ball 2-0: Called Strike 2-1: Ground out 4-3 (Groundball, 13, EV 87.5 MPH)
|
|
Batting: RHB Marcos Rodriguez
|
0-0: Called Strike 0-1: Foul Ball, location: 2F 0-2: Ball 1-2: DOUBLE (Flyball, 8LXD, EV 91.9 MPH)
|
|
Batting: RHB Richard James
|
0-0: Called Strike 0-1: Called Strike 0-2: Foul Ball, location: 2F 0-2: Fly out, F2 (Popup, 23F, EV 86.9 MPH)
|
|
Batting: RHB David Stone
|
0-0: Called Strike 0-1: Foul Ball, location: 2F 0-2: Ball 1-2: Ground out 5-3 (Groundball, 5S, EV 67.5 MPH)
|
| Bottom of the 2nd over - 0 runs, 1 hit, 0 errors, 1 left on base; Newark 0 - Oneonta 0 |
| TOP OF THE 3RD |
|
Newark Black Sox batting - Pitching for Oneonta Indians : LHP Alonso Prantera
|
|
Batting: RHB Henry Hubbard
|
0-0: Ball 1-0: Ball 2-0: Ball 3-0: Called Strike 3-1: Base on Balls
|
|
Batting: RHB Danny Griffin
|
0-0: Ball 1-0: Ball 2-0: Ball 3-0: Called Strike 3-1: Base on Balls Henry Hubbard to second
|
|
Batting: RHB Orlando Gonzalez
|
0-0: Ball 1-0: Called Strike Henry Hubbard steals 3rd base Danny Griffin to second 1-1: Ball 2-1: Ball 3-1: SINGLE (Groundball, 6MD, EV 96.9 MPH) Henry Hubbard scores Danny Griffin to third Runner from 3rd tries for Home, SAFE, throw by CF to home
|
|
Batting: RHB Rafael Belliard
|
0-0: Ball 1-0: Swinging Strike 1-1: Ball 2-1: Swinging Strike 2-2: Strikes out swinging
|
|
Batting: RHB Ellis Burks
|
0-0: Ball 1-0: Foul Ball, location: 2F 1-1: Ball 2-1: Foul Ball, location: 2F 2-2: Ball 3-2: Base on Balls Orlando Gonzalez to second
|
|
Batting: RHB Moises Acosta
|
0-0: Ball 1-0: Fielders Choice at 2nd, 3-6 (Groundball, 34S, EV 81.3 MPH) Orlando Gonzalez to third
|
|
Batting: RHB Adrien Perkins
|
0-0: Ball 1-0: Called Strike 1-1: Ball 2-1: Called Strike 2-2: Fly out, F8 (Flyball, 89M, EV 83.1 MPH)
|
| Top of the 3rd over - 2 runs, 1 hit, 0 errors, 2 left on base; Newark 2 - Oneonta 0 |
| BOTTOM OF THE 3RD |
|
Oneonta Indians batting - Pitching for Newark Black Sox : RHP Steve Kordish
|
|
Batting: SHB Elvin Fulgencio
|
0-0: Foul Ball, location: 2F 0-1: Called Strike 0-2: Foul Ball, location: 2F 0-2: Foul Ball, location: 2F 0-2: Ball 1-2: Ground out 4-3 (Groundball, 34D, EV 81.3 MPH)
|
|
Batting: RHB Alberto Zappala
|
0-0: Ground out 4-3 (Groundball, 4, EV 84.4 MPH)
|
|
Batting: RHB Keith Flenoir
|
0-0: Swinging Strike 0-1: Swinging Strike 0-2: Ball 1-2: SINGLE (Groundball, 56, EV 99.4 MPH)
|
|
Batting: RHB William Luzinski
|
0-0: Ball 1-0: Called Strike Keith Flenoir is caught stealing 2nd base 2-4
|
| Bottom of the 3rd over - 0 runs, 1 hit, 0 errors, 0 left on base; Newark 2 - Oneonta 0 |
| TOP OF THE 4TH |
|
Newark Black Sox batting - Pitching for Oneonta Indians : LHP Alonso Prantera
|
|
Batting: RHB Ignacio Velasquez
|
0-0: Called Strike 0-1: Foul Ball, location: 2F 0-2: Ball 1-2: SINGLE (Groundball, 4S, EV 74.4 MPH) (infield hit)
|
|
Batting: RHB Jerry Bendorf
|
0-0: Called Strike 0-1: Foul Ball, location: 2F 0-2: Ball 1-2: Ball 2-2: Foul Ball, location: 2F 2-2: Foul Ball, location: 2F 2-2: Foul Ball, location: 2F 2-2: Foul Ball, location: 2F 2-2: Foul Ball, location: 2F 2-2: Ball 3-2: Base on Balls Ignacio Velasquez to second
|
|
Batting: RHB Henry Hubbard
|
0-0: Grounds into double play, 6-4-3 (Groundball, 6, EV 90.6 MPH) Ignacio Velasquez to third
|
|
Batting: RHB Danny Griffin
|
0-0: Called Strike 0-1: Ball 1-1: Ball 2-1: SINGLE (Line Drive, 78S, EV 93.1 MPH) Ignacio Velasquez scores
|
|
Batting: RHB Orlando Gonzalez
|
0-0: Ground out 4-3 (Groundball, 4, EV 87.5 MPH)
|
| Top of the 4th over - 1 run, 2 hits, 0 errors, 1 left on base; Newark 3 - Oneonta 0 |
| BOTTOM OF THE 4TH |
|
Oneonta Indians batting - Pitching for Newark Black Sox : RHP Steve Kordish
|
|
Batting: RHB William Luzinski
|
0-0: Called Strike 0-1: Ball 1-1: Foul Ball, location: 2F 1-2: SINGLE (Groundball, 6MD, EV 95.0 MPH)
|
|
Batting: LHB Lenny Nay
|
0-0: Foul Ball, location: 2F 0-1: Fly out, F8 (Flyball, 89D, EV 89.4 MPH)
|
|
Batting: LHB Frank Martinez
|
0-0: Ball 1-0: Ball 2-0: Foul Ball, location: 2F 2-1: Foul Ball, location: 2F 2-2: SINGLE (Line Drive, 56, EV 105.0 MPH) William Luzinski to second
|
|
Batting: RHB Marcos Rodriguez
|
0-0: SINGLE (Groundball, 34D, EV 105.6 MPH) William Luzinski to third Frank Martinez to second Runner from 3rd tries for Home, throw by RF and OUT! 9-2
|
|
Batting: RHB Richard James
|
0-0: Called Strike 0-1: Ball 1-1: Ball 2-1: Called Strike 2-2: Fly out, F7 (Flyball, 78M, EV 95.0 MPH)
|
| Bottom of the 4th over - 0 runs, 3 hits, 0 errors, 2 left on base; Newark 3 - Oneonta 0 |
| TOP OF THE 5TH |
|
Newark Black Sox batting - Pitching for Oneonta Indians : LHP Alonso Prantera
|
|
Batting: RHB Rafael Belliard
|
0-0: Called Strike 0-1: Foul Ball, location: 2F 0-2: Ball 1-2: TRIPLE (Flyball, 89XD, EV 86.9 MPH)
|
|
Batting: RHB Ellis Burks
|
0-0: Ball 1-0: Swinging Strike 1-1: Ball 2-1: Ball 3-1: DOUBLE (Flyball, 8LXD, EV 106.9 MPH) Rafael Belliard scores
|
|
Batting: RHB Moises Acosta
|
0-0: Called Strike 0-1: Swinging Strike 0-2: Ball 1-2: Ball 2-2: Foul Ball, location: 2F 2-2: Fly out, F7 (Flyball, 8LM, EV 77.5 MPH)
|
|
Batting: RHB Adrien Perkins
|
0-0: Ball 1-0: Ball 2-0: Foul Ball, location: 2F 2-1: Ball 3-1: Foul Ball, location: 2F 3-2: Ground out 4-3 (Groundball, 4, EV 79.4 MPH) Ellis Burks to third
|
|
Batting: RHB Ignacio Velasquez
|
0-0: Called Strike 0-1: Reached on error, E5 (Groundball, 56, EV 86.3 MPH) Ellis Burks scores
|
|
Batting: RHB Jerry Bendorf
|
0-0: Called Strike 0-1: Foul Ball, location: 2F 0-2: Ball 1-2: Ball 2-2: Ball 3-2: Ground out 6-3 (Groundball, 6S, EV 83.8 MPH)
|
| Top of the 5th over - 2 runs, 2 hits, 1 error, 1 left on base; Newark 5 - Oneonta 0 |
| BOTTOM OF THE 5TH |
|
Oneonta Indians batting - Pitching for Newark Black Sox : RHP Steve Kordish
|
|
Batting: RHB David Stone
|
0-0: Ground out 1-3 (Groundball, 15S, EV 66.9 MPH)
|
|
Batting: SHB Elvin Fulgencio
|
0-0: Called Strike 0-1: Fly out, F4 (Popup, 23, EV 88.8 MPH)
|
|
Batting: RHB Alberto Zappala
|
0-0: Ball 1-0: Fly out, F9 (Flyball, 9D, EV 91.9 MPH)
|
| Bottom of the 5th over - 0 runs, 0 hits, 0 errors, 0 left on base; Newark 5 - Oneonta 0 |
| TOP OF THE 6TH |
|
Newark Black Sox batting - Pitching for Oneonta Indians : LHP Alonso Prantera
|
|
Batting: RHB Henry Hubbard
|
0-0: Ball 1-0: Swinging Strike 1-1: Ground out 1-3 (Groundball, 34S, EV 68.8 MPH)
|
|
Batting: RHB Danny Griffin
|
0-0: Swinging Strike 0-1: Called Strike 0-2: Foul Ball, location: 2F 0-2: DOUBLE (Line Drive, 7LD, EV 105.6 MPH)
|
|
Pitching: RHP James Rabe
|
|
|
Batting: RHB Orlando Gonzalez
|
0-0: Foul Ball, location: 2F 0-1: Ball 1-1: Foul Ball, location: 2F 1-2: Ball 2-2: Fly out, F7 (Flyball, 7D, EV 98.8 MPH)
|
|
Batting: RHB Rafael Belliard
|
0-0: Ball 1-0: Called Strike 1-1: Foul Ball, location: 2F 1-2: Ball 2-2: SINGLE (Groundball, 56D, EV 103.8 MPH) Danny Griffin to third Runner from 3rd tries for Home, SAFE, throw by LF to home
|
|
Batting: RHB Ellis Burks
|
0-0: Ball Rafael Belliard steals 2nd base 1-0: Fly out, F8 (Line Drive, 8RD, EV 107.5 MPH)
|
| Top of the 6th over - 1 run, 2 hits, 0 errors, 1 left on base; Newark 6 - Oneonta 0 |
| BOTTOM OF THE 6TH |
|
Oneonta Indians batting - Pitching for Newark Black Sox : RHP Steve Kordish
|
|
Batting: RHB Keith Flenoir
|
0-0: Ground out 1-3 (Groundball, 15S, EV 70.6 MPH)
|
|
Batting: RHB William Luzinski
|
0-0: Called Strike 0-1: Swinging Strike 0-2: Foul Ball, location: 2F 0-2: Ground out 4-3 (Groundball, 4, EV 105.6 MPH)
|
|
Batting: LHB Lenny Nay
|
0-0: Ball 1-0: Called Strike 1-1: Foul Ball, location: 2F 1-2: Strikes out swinging
|
| Bottom of the 6th over - 0 runs, 0 hits, 0 errors, 0 left on base; Newark 6 - Oneonta 0 |
| TOP OF THE 7TH |
|
Newark Black Sox batting - Pitching for Oneonta Indians : RHP James Rabe
|
|
Batting: RHB Moises Acosta
|
0-0: Ball 1-0: SINGLE (Line Drive, 8RS, EV 96.9 MPH)
|
|
Batting: RHB Adrien Perkins
|
0-0: Called Strike 0-1: Swinging Strike 0-2: Fielders Choice at 2nd, 6-4 (Groundball, 6, EV 85.0 MPH)
|
|
Batting: RHB Ignacio Velasquez
|
0-0: Ball 1-0: Foul Ball, location: 2F 1-1: Ball Adrien Perkins steals 2nd base 2-1: Called Strike 2-2: Ball 3-2: Strikes out swinging
|
|
Batting: RHB Jerry Bendorf
|
0-0: SINGLE (Groundball, 6MD, EV 110.6 MPH) Adrien Perkins to third Runner from 3rd tries for Home, SAFE, throw by CF to home
|
|
Batting: RHB Henry Hubbard
|
0-0: Ball 1-0: Foul Ball, location: 2F 1-1: Called Strike 1-2: Fly out, F4 (Popup, 23, EV 86.9 MPH)
|
| Top of the 7th over - 1 run, 2 hits, 0 errors, 1 left on base; Newark 7 - Oneonta 0 |
| BOTTOM OF THE 7TH |
|
Oneonta Indians batting - Pitching for Newark Black Sox : RHP Steve Kordish
|
|
Batting: LHB Frank Martinez
|
0-0: Ball 1-0: Ball 2-0: Foul Ball, location: 2F 2-1: SINGLE (Groundball, 34D, EV 106.9 MPH)
|
|
Batting: RHB Marcos Rodriguez
|
0-0: Called Strike 0-1: Ball 1-1: SINGLE (Groundball, 6MD, EV 102.5 MPH) Frank Martinez to second
|
|
Batting: RHB Richard James
|
0-0: Ball 1-0: Called Strike 1-1: Foul Ball, location: 2F 1-2: Foul Ball, location: 2F 1-2: Strikes out swinging
|
|
Pinch Hitting: RHB George Nebrich
|
0-0: Called Strike 0-1: Ball Wild Pitch! Frank Martinez to third Marcos Rodriguez to second 1-1: Fly out, F8 (Flyball, 8LXD, EV 104.4 MPH) Runner from 3rd tags up, SCORES, no throw by CF
|
|
Batting: SHB Elvin Fulgencio
|
0-0: Ground out U3 (Groundball, 3L, EV 90.6 MPH)
|
| Bottom of the 7th over - 1 run, 2 hits, 0 errors, 1 left on base; Newark 7 - Oneonta 1 |
| TOP OF THE 8TH |
|
Newark Black Sox batting - Pitching for Oneonta Indians : RHP James Rabe
|
|
Now at C: George Nebrich
|
|
|
Batting: RHB Danny Griffin
|
0-0: Foul Ball, location: 2F 0-1: Ball 1-1: Fly out, F7 (Flyball, 7, EV 95.0 MPH)
|
|
Batting: RHB Orlando Gonzalez
|
0-0: Swinging Strike 0-1: Ball 1-1: Ball 2-1: Ground out U3 (Groundball, 34S, EV 81.3 MPH)
|
|
Batting: RHB Rafael Belliard
|
0-0: Foul Ball, location: 2F 0-1: Ball 1-1: Ball 2-1: SINGLE (Flyball, 34D, EV 91.3 MPH)
|
|
Batting: RHB Ellis Burks
|
0-0: Called Strike Rafael Belliard steals 2nd base (no throw) 0-1: Called Strike 0-2: Strikes out swinging
|
| Top of the 8th over - 0 runs, 1 hit, 0 errors, 1 left on base; Newark 7 - Oneonta 1 |
| BOTTOM OF THE 8TH |
|
Oneonta Indians batting - Pitching for Newark Black Sox : RHP Steve Kordish
|
|
Batting: RHB Alberto Zappala
|
0-0: Called Strike 0-1: Ball 1-1: Ground out U3 (Groundball, 3, EV 86.9 MPH)
|
|
Batting: RHB Keith Flenoir
|
0-0: Ball 1-0: Foul Ball, location: 2F 1-1: SINGLE (Groundball, 5S, EV 67.5 MPH) (infield hit)
|
|
Batting: RHB William Luzinski
|
0-0: Called Strike 0-1: Foul Ball, location: 2F 0-2: Ball 1-2: Foul Ball, location: 2F 1-2: Ball 2-2: Ball 3-2: Ground out U3 (Groundball, 3S, EV 86.3 MPH) Keith Flenoir to second
|
|
Batting: LHB Lenny Nay
|
0-0: Called Strike 0-1: Foul Ball, location: 2F 0-2: Foul Ball, location: 2F 0-2: Foul Ball, location: 2F 0-2: Foul Ball, location: 2F 0-2: Ball 1-2: Ball 2-2: Foul Ball, location: 2F 2-2: Fly out, F2 (Popup, 25F, EV 76.3 MPH)
|
| Bottom of the 8th over - 0 runs, 1 hit, 0 errors, 1 left on base; Newark 7 - Oneonta 1 |
| TOP OF THE 9TH |
|
Newark Black Sox batting - Pitching for Oneonta Indians : RHP James Rabe
|
|
Pitching: LHP Rick Goodin
|
|
|
Batting: RHB Moises Acosta
|
0-0: Ball 1-0: Ball 2-0: Ball 3-0: Called Strike 3-1: Fly out, F8 (Flyball, 89M, EV 96.9 MPH)
|
|
Batting: RHB Adrien Perkins
|
0-0: Called Strike 0-1: Ball 1-1: Foul Ball, location: 2F 1-2: Foul Ball, location: 2F 1-2: Strikes out swinging
|
|
Batting: RHB Ignacio Velasquez
|
0-0: Ball 1-0: Ball 2-0: SINGLE (Groundball, 4D, EV 100.0 MPH)
|
|
Batting: RHB Jerry Bendorf
|
0-0: Foul Ball, location: 2F 0-1: Ball 1-1: Ball 2-1: Fielders Choice at 2nd, 6-4 (Groundball, 6, EV 81.9 MPH)
|
| Top of the 9th over - 0 runs, 1 hit, 0 errors, 1 left on base; Newark 7 - Oneonta 1 |
| BOTTOM OF THE 9TH |
|
Oneonta Indians batting - Pitching for Newark Black Sox : RHP Steve Kordish
|
|
Batting: LHB Frank Martinez
|
0-0: Fly out, F6 (Line Drive, 6, EV 68.8 MPH)
|
|
Batting: RHB Marcos Rodriguez
|
0-0: Foul Ball, location: 2F 0-1: Called Strike 0-2: Ball 1-2: Ball 2-2: Strikes out swinging
|
|
Batting: RHB Richard James
|
0-0: Ball 1-0: SINGLE (Groundball, 56D, EV 101.9 MPH)
|
|
Batting: RHB George Nebrich
|
0-0: Called Strike 0-1: Ball 1-1: Called Strike 1-2: Strikes out swinging
|
| Bottom of the 9th over - 0 runs, 1 hit, 0 errors, 1 left on base; Newark 7 - Oneonta 1 |
|